 Dungeon Crawl Stone Soup version 0.19.5 (webtiles) character file.

4018 JeffiDaFish the Blocker (level 10, -2/61 HPs)
             Began as a Gargoyle Fighter on Nov 26, 2017.
             Was an Elder of Okawaru.
             Killed from afar by Erica (17 damage)
             ... with an orb of energy
             ... on level 8 of the Dungeon on Nov 28, 2017.
             The game lasted 00:18:15 (6544 turns).

JeffiDaFish the Blocker (Gargoyle Fighter)          Turns: 6544, Time: 00:18:16

Health: -2/61      AC: 20    Str: 23    XL:     10   Next: 23%
Magic:  10/10      EV:  4    Int:  8    God:    Okawaru [****..]
Gold:   321        SH: 17    Dex: 14    Spells: 0 memorised, 9 levels left

rFire  + . .     SeeInvis +     a - +1 flail
rCold  . . .     Gourm    .     s - +0 plate armour (curse)
rNeg   + . .     Faith    .     u - +0 large shield
rPois  ∞         Spirit   .     (helmet restricted)
rElec  +         Reflect  .     (no cloak)
rCorr  +         Harm     .     (no gloves)
MR     .....                    (no boots)
Stlth  ..........               (no amulet)
                                v - ring of protection from fire
                                t - ring "Kitry Laes" {rCorr *Drain Str+2 Dex+2 SInv}

@: no status effects
A: antennae 1, negative energy resistance 1, electricity resistance,
unbreathing, petrification resistance, rot immunity, AC +7
a: Heroism, Renounce Religion


You were on level 8 of the Dungeon.
You worshipped Okawaru.
Okawaru was greatly pleased with you.
You were not hungry.

You visited 2 branches of the dungeon, and saw 9 of its levels.

You collected 321 gold pieces.

Inventory:

Hand Weapons
 a - a +1 flail (weapon)
Armour
 s - a cursed +0 plate armour (worn)
 u - a +0 large shield (worn)
Jewellery
 t - the ring "Kitry Laes" (left hand) {rCorr *Drain Str+2 Dex+2 SInv}
   (You found it on level 7 of the Dungeon)

   [ring of resist corrosion]

   It affects your strength (+2).
   It affects your dexterity (+2).
   It lets you see invisible.
   It causes draining when unequipped.
 v - a ring of protection from fire (right hand)
Wands
 l - a wand of lightning (0/15)
Scrolls
 e - a scroll of teleportation
 k - 4 scrolls of magic mapping
 n - 5 scrolls of remove curse
 p - a scroll of enchant weapon
 r - 4 scrolls of identify
Potions
 b - a potion of haste
 d - 2 potions of might
 g - a potion of magic
 q - a potion of heal wounds
Comestibles
 c - 6 chunks of flesh
 f - 10 bread rations
 h - 2 fruits
 j - a slice of pizza
 m - 9 beef jerkies
 o - a meat ration


   Skills:
 + Level 6.7 Fighting
 + Level 8.8 Maces & Flails
 + Level 7.3 Armour
 + Level 2.1 Dodging
 + Level 1.3 Stealth
 + Level 9.3 Shields


You had 9 spell levels left.
You didn't know any spells.

Dungeon Overview and Level Annotations

Branches:
Dungeon (8/15)             Temple (1/1) D:4
   Lair: D:8-11

Altars:
Dithmenos
Elyvilon
Hepliaklqana
Kikubaaqudgha
Makhleb
Nemelex Xobeh
Okawaru
Qazlal
Ru
Sif Muna
Trog
Uskayaw
Vehumet
Xom
Yredelemnul
Zin
The Shining One

Annotations:
D:8 Erica


Innate Abilities, Weirdness & Mutations

You are resistant to torment.
Your stone body is resilient. (AC +7)
You are immune to poison.
You resist negative energy. (rN+)
You are resistant to electric shocks. (rElec)
You can survive without breathing.
You are immune to petrification.
You are immune to rotting.
You have a pair of small antennae on your head.


Message History

Erica points at you and mumbles some strange words.
The bolt of poison hits you! You resist. Erica gestures at you while chanting.
The orb of energy hits you!
The orb of energy explodes!
You sock Erica!
Erica is severely wounded.
You block Erica's attack.
You sock Erica!
Erica is severely wounded.
You block Erica's attack.
You completely miss Erica.
Erica is severely wounded.
Erica gestures at you while chanting. The orb of energy hits you!
* * * LOW HITPOINT WARNING * * *
The orb of energy explodes!
You are too injured to fight recklessly!
Erica points at you and mumbles some strange words.
The orb of energy hits you!
You die...

#### ...# ### ####
.#.###.############.....
....#.#.............#
.........#..[..%@#
#)..#...##.#####@.....#
#...##..#..# #..[##.#
#...##.<...# #....#
.....#..#..# #....#
...........## #......
.._..#..#.... ........
........#..# #....##.
........#..#


You could see Erica.

Vanquished Creatures
  Grinder (D:5)
  Prince Ribbit (D:6)
  4 hippogriffs
  Eustachio (D:6)
  A hungry ghost (D:6)
  The ghost of kamisama14 the Firebug, an amateur HEFE (D:3)
  An orc warrior (D:6)
  2 sky beasts (D:6)
  2 ice beasts (D:5)
  6 centaurs
  A phantom (D:7)
  2 ogres (D:7)
  2 bullfrogs (D:6)
  Blork the orc (D:6)
  3 scorpions
  4 killer bees (D:8)
  A howler monkey (D:6)
  A bullfrog zombie (D:5)
  3 crimson imps
  A quasit (D:6)
  3 hounds
  2 centaur zombies
  An orc priest (D:7)
  3 orc wizards
  4 worker ants
  A howler monkey zombie (D:5)
  A worker ant zombie (D:6)
  4 gnolls (D:5)
  A howler monkey skeleton (D:4)
  5 adders
  A shadow imp (D:8)
  An ooze (D:6)
  An adder zombie (D:5)
  2 adder skeletons
  A worm (D:2)
  4 dart slugs
  4 leopard geckos
  10 orcs
  2 ball pythons
  4 bats
  2 giant cockroaches
  9 goblins
  6 hobgoblins
  13 jackals
  6 quokkas
  2 frilled lizards
  6 kobolds
  A leopard gecko skeleton (D:4)
  A leopard gecko zombie (D:8)
  5 rats (D:2)
145 creatures vanquished.

Notes
Turn   | Place    | Note
-------+----------+-------------------------------------------
     0 | D:1      | JeffiDaFish the Gargoyle Fighter began the quest for the Orb.
     0 | D:1      | Reached XP level 1. HP: 14/14 MP: 1/1
    99 | D:1      | Reached XP level 2. HP: 19/19 MP: 2/2
   347 | D:1      | Reached XP level 3. HP: 23/24 MP: 3/3
   914 | D:2      | Found a hazy altar of Hepliaklqana.
   956 | D:2      | Found a glowing golden altar of the Shining One.
  1170 | D:2      | Found a bloodstained altar of Trog.
  1171 | D:2      | Found a glowing silver altar of Zin.
  1173 | D:2      | Found a deep blue altar of Sif Muna.
  1173 | D:2      | Found a shadowy altar of Dithmenos.
  1505 | D:2      | Reached XP level 4. HP: 29/29 MP: 4/4
  1655 | D:3      | Found a sacrificial altar of Ru.
  1662 | D:3      | Reached skill level 4 in Shields
  1857 | D:3      | Reached XP level 5. HP: 33/33 MP: 5/5
  1944 | D:3      | Noticed kamisama14's ghost (amateur HEFE)
  1947 | D:3      | Killed kamisama14's ghost
  1947 | D:3      | Reached skill level 1 in Stealth
  1947 | D:3      | Reached XP level 6. HP: 32/38 MP: 6/6
  2177 | D:4      | Found a staircase to the Ecumenical Temple.
  2206 | Temple   | Entered the Ecumenical Temple
  2329 | Temple   | Became a worshipper of Warmaster Okawaru
  3000 | D:5      | Entered Level 5 of the Dungeon
  3000 | D:5      | Noticed Grinder
  3003 | D:5      | Paralysed by Grinder for 4 turns
  3014 | D:5      | Killed Grinder
  3014 | D:5      | Reached * piety under Okawaru
  3014 | D:5      | Reached skill level 5 in Maces & Flails
  3014 | D:5      | Reached skill level 1 in Dodging
  3014 | D:5      | Reached XP level 7. HP: 36/43 MP: 7/7
  3104 | D:5      | Reached skill level 5 in Shields
  3214 | D:5      | Reached skill level 5 in Armour
  3251 | D:5      | Found a burning altar of Makhleb.
  3304 | D:5      | Found a shimmering altar of Xom.
  3406 | D:5      | Reached ** piety under Okawaru
  3574 | D:5      | Reached XP level 8. HP: 48/48 MP: 8/8
  3769 | D:5      | Reached skill level 5 in Fighting
  3850 | D:6      | Noticed a hippogriff
  3870 | D:6      | Killed a hippogriff
  3870 | D:6      | Reached skill level 6 in Shields
  4096 | D:6      | Reached XP level 9. HP: 48/55 MP: 9/9
  4118 | D:6      | Reached *** piety under Okawaru
  4470 | D:6      | Found a radiant altar of Vehumet.
  4564 | D:6      | Noticed Eustachio
  4565 | D:6      | Noticed Prince Ribbit
  4569 | D:6      | Noticed Blork the orc
  4574 | D:6      | Killed Eustachio
  4574 | D:6      | Reached skill level 7 in Shields
  4583 | D:6      | Killed Prince Ribbit
  4589 | D:6      | Killed Blork the orc
  4595 | D:6      | Gained mutation: You have a pair of small antennae on your head. [potion of beneficial mutation]
  5580 | D:6      | Reached **** piety under Okawaru
  5580 | D:6      | Reached skill level 8 in Shields
  6019 | D:7      | Got a translucent marble ring
  6057 | D:7      | Reached XP level 10. HP: 57/61 MP: 10/10
  6225 | D:7      | Identified the ring "Kitry Laes" {rCorr *Drain Str+2 Dex+2 SInv} (You found it on level 7 of the Dungeon)
  6319 | D:7      | Reached skill level 9 in Shields
  6424 | D:8      | Found a white marble altar of Elyvilon.
  6527 | D:8      | Noticed Erica
  6544 | D:8      | Killed from afar by Erica

Skill      XL: |  1  2  3  4  5  6  7  8  9 10 |
---------------+-------------------------------+-----
Fighting       | 4 5 6 |  6.7
Shields        | 4 5 6 8 9 |  9.3
Maces & Flails | 3 5 6 7 8 |  8.8
Armour         | 4 5 6 7 |  7.3
Stealth        | 1 |  1.3
Dodging        | 1 2 |  2.1

Action                   |  1- 3 |  4- 6 |  7- 9 | 10-12 || total
-------------------------+-------+-------+-------+-------++-------
Melee: Flail             |   125 |   129 |   474 |   123 ||   851
Evoke: Wand              |       |     3 |       |       ||     3
  Use: Scroll            |     6 |     3 |       |       ||     9
       Potion            |     2 |     8 |     3 |     1 ||    14
 Stab: Paralysed         |       |     1 |       |       ||     1
  Eat: Chunk             |     2 |     5 |     8 |     2 ||    17
       Meat ration       |       |       |     1 |       ||     1
       Fruit             |       |       |     1 |       ||     1
Armor: Scale mail        |    54 |    85 |    19 |       ||   158
       Plate armour      |       |       |   309 |    59 ||   368
Dodge: Dodged            |    38 |    34 |    92 |    18 ||   182
Block: Shield            |    58 |    86 |   174 |       ||   318
       Large shield      |       |       |   201 |   126 ||   327
